 Dungeon Crawl Stone Soup version 0.25-a0-632-g7713895373 (webtiles) character file.

Game seed: 10418924285630506056, levelgen mode: deterministic

375 kae the Insei (level 6, -5/47 HPs)
             Began as a Demonspawn Transmuter on Mar 19, 2020.
             Slain by a hornet (13 damage)
             ... while paralysed by a hornet
             ... on level 4 of the Dungeon.
             The game lasted 00:03:28 (3891 turns).

kae the Insei (Demonspawn Transmuter)               Turns: 3891, Time: 00:03:29

Health: -5/47      AC:  5    Str: 13    XL:     6   Next: 44%
Magic:  10/10      EV:  2    Int: 14    God:
Gold:   261        SH:  0    Dex: 13    Spells: 8/11 levels left

rFire    . . .     SeeInvis .     - Unarmed
rCold    . . .     Gourm    .   (no shield)
rNeg     . . .     Faith    .   b - +0 robe
rPois    .         Spirit   .   (no helmet)
rElec    .         Reflect  .   (no cloak)
rCorr    .         Harm     .   (no gloves)
MR       .....                  (no boots)
Stlth    +.........             f - amulet of regeneration
HPRegen  0.55/turn              (no ring)
MPRegen  0.12/turn              (no ring)

@: paralysed, lethally poisoned (-5 -> -5), appendage, slowed
A: claws 2, horns 2, icy blue scales 2, powered by pain 1
a: End Transformation


You were on level 4 of the Dungeon.
You were hungry.
You had grown temporary horns.
You visited 1 branch of the dungeon, and saw 4 of its levels.

You collected 261 gold pieces.

Inventory:

Missiles
 a - 30 arrows
Armour
 b - a +0 robe (worn)
Jewellery
 f - an amulet of regeneration (around neck)
 k - an uncursed ring of fire
Wands
 q - a wand of random effects (20)
Scrolls
 i - 5 scrolls of enchant weapon
 m - a scroll of immolation
 n - a scroll of enchant armour {unknown}
 p - 2 scrolls of identify
 r - a scroll of remove curse
 s - a scroll of fog {unknown}
 t - a scroll of teleportation
 u - a scroll of magic mapping {unknown}
Potions
 c - a potion of lignification
 e - a potion of degeneration
 g - a potion of flight
 h - 3 potions of haste
 j - a potion of brilliance
 l - 2 potions of stabbing {unknown}
 o - 3 potions of might {unknown}
 v - a potion of ambrosia {unknown}
Comestibles
 d - 10 rations


   Skills:
 + Level 3.0 Fighting
 - Level 1.7 Dodging
 * Level 4.7 Unarmed Combat
 + Level 3.2 Spellcasting
 + Level 3.1 Transmutations


You had 8 spell levels left.
You knew the following spells:

 Your Spells              Type           Power        Failure   Level  Hunger
a - Beastly Appendage     Tmut           ##....       6%          1    #......
b - Sticks to Snakes      Tmut           ##......     9%          2    ##.....

Your spell library contained the following spells:

 Spells                   Type           Power        Failure   Level  Hunger
 Animate Skeleton         Necr           N/A          22%         1    #......
 Apportation              Tloc           #.....       22%         1    #......
 Corona                   Hex            #......      22%         1    #......
 Summon Small Mammal      Summ           #...         22%         1    #......
 Spider Form              Tmut/Pois      #.........   32%         3    ###....
 Ice Form                 Ice/Tmut       #.......     73%         4    #####..
 Blade Hands              Tmut           ##........   85%         5    ######.


Dungeon Overview and Level Annotations

Branches:
Dungeon (4/15)
 Temple: D:4-7

Altars:
Hepliaklqana
Ru
Uskayaw
Xom


Innate Abilities, Weirdness & Mutations

You have very sharp fingernails.
You are mostly covered in icy blue scales. (AC +3)
You sometimes gain a little power by taking damage.
You have a pair of horns on your head.


Message History

You feel sick. The hornet closely misses you.
Your ball python bites the hornet.
Your ball python constricts the hornet.
The hornet closely misses you.
You claw the hornet!
The hornet is heavily wounded.
You feel yourself speed up. The hornet closely misses you.
Your ball python barely misses the hornet.
Your ball python constricts the hornet.
The hornet stings you!
You focus on the pain.
You feel your power returning.
You feel yourself slow down.
Your ball python bites the hornet but does no damage.
Your ball python constricts the hornet.
You scratch the hornet.
The hornet is severely wounded.
You feel sick. The hornet stings you!
* * * LOW HITPOINT WARNING * * *
You suddenly lose the ability to move!
Your ball python bites the hornet.
Your ball python constricts the hornet.
The hornet stings you!
You die...

.....# .....#
##.# .....#
...#
.....####
#..#
........#
#.?#
#######.#####
#..#
............#
#..#
#######.###.#
#.y# #.#
#.###S@#
#######.#
#.#....#
#.......#
#.#.##.######
#.#######
#.#.........#
#.##.#
#.#..########
#.##.# #.#..#
#.##.# #.#..#
#.##.# #.#..#
#.##.# #.#..#


You could see a hornet and a friendly ball python.

Vanquished Creatures
  A howler monkey (D:4)
  3 hounds
  Natasha (twice) (D:2)
  An orc wizard (D:4)
  A gnoll (D:3)
  6 adders
  An ooze (D:3)
  2 worms
  2 dart slugs (D:3)
  6 leopard geckos
  4 orcs
  A giant cockroach (D:1)
  7 goblins
  6 hobgoblins
  A jackal (D:3)
  6 kobolds
  4 quokkas
  3 ball pythons
  4 bats
  7 frilled lizards
  A jackal skeleton (D:4)
  A leopard gecko skeleton (D:4)
  4 rats
74 creatures vanquished.

Vanquished Creatures (collateral kills)
  Natasha (D:2)
1 creature vanquished.

Grand Total: 75 creatures vanquished

Notes
Turn   | Place    | Note
-------+----------+-------------------------------------------
     0 | D:1      | kae the Demonspawn Transmuter began the quest for the Orb.
     0 | D:1      | Reached XP level 1. HP: 15/15 MP: 3/3
   329 | D:1      | Gained mutation: You sometimes gain a little power by
                  | taking damage. [demonic ancestry]
   329 | D:1      | Reached XP level 2. HP: 19/21 MP: 3/5
   390 | D:1      | Reached skill level 3 in Unarmed Combat
   943 | D:2      | Noticed Natasha
  1202 | D:2      | Noticed a crimson imp
  1203 | D:2      | Noticed a crimson imp
  1306 | D:2      | Learned a level 2 spell: Sticks to Snakes
  1389 | D:2      | Gained mutation: You are partially covered in icy blue
                  | scales. (AC +2) [demonic ancestry]
  1389 | D:2      | Reached XP level 3. HP: 16/26 MP: 4/6
  1503 | D:2      | Found a shimmering altar of Xom.
  1538 | D:2      | Killed Natasha
  1538 | D:2      | Gained mutation: You have sharp fingernails. [demonic
                  | ancestry]
  1538 | D:2      | Reached XP level 4. HP: 33/33 MP: 3/7
  1816 | D:2      | Noticed Natasha
  1833 | D:2      | Killed Natasha
  1963 | D:2      | Noticed Natasha
  1973 | D:2      | Killed Natasha
  1973 | D:2      | Gained mutation: You are mostly covered in icy blue scales.
                  | (AC +3) [demonic ancestry]
  1973 | D:2      | Reached XP level 5. HP: 22/38 MP: 9/9
  2147 | D:3      | Reached skill level 4 in Unarmed Combat
  2804 | D:3      | Gained mutation: You have very sharp fingernails. [demonic
                  | ancestry]
  2804 | D:3      | Reached XP level 6. HP: 28/46 MP: 10/10
  3052 | D:4      | Found a sacrificial altar of Ru.
  3055 | D:4      | Found a hazy altar of Hepliaklqana.
  3106 | D:4      | Found a hide-covered altar of Uskayaw.
  3879 | D:4      | Noticed a hornet
  3891 | D:4      | Paralysed by a hornet for 3 turns
  3891 | D:4      | Slain by a hornet

Levels and vault maps discovered:
D:1:      evilmike_arrival_rings, layout_basic
D:2:      layout_basic, nicolae_overflow_crystal_walls, first_ration,
          minmay_misc_feat_secret_circle, minmay_cut_off, uniq_natasha
D:3:      minmay_general_purpose_star, layout_loops_ring, cheibrodos_gnoll_hut
D:4:      layout_basic, eat_drink_and_be_merry_uskayaw,
          grunt_temple_overflow_open, nrook_mini_backslash

Skill      XL: |  1  2  3  4  5  6 |
---------------+-------------------+-----
Unarmed Combat | 3 4 |  4.7
Transmutations | 2 3 |  3.1
Fighting       | 2 3 |  3.0
Spellcasting   | 3 |  3.2
Dodging        | |  1.7

Action                   |  1- 3 |  4- 6 || total
-------------------------+-------+-------++-------
Melee: Unarmed           |    96 |   177 ||   273
       Headbutt          |     6 |    15 ||    21
       Kick              |     3 |     4 ||     7
       Punch             |     1 |     1 ||     2
 Cast: Beastly Appendage |    17 |    19 ||    36
       Sticks to Snakes  |     1 |     6 ||     7
  Use: Scroll            |     6 |     5 ||    11
       Potion            |       |     1 ||     1
 Stab: Sleeping          |     2 |       ||     2
       Distracted        |     1 |       ||     1
  Eat: Chunk             |     2 |     8 ||    10
Armor: Robe              |    32 |    54 ||    86
       Skin              |       |     8 ||     8
Dodge: Dodged            |    83 |   137 ||   220

Table legend:
 A = Non-vault XP
 B = Vault XP
 C = Vault XP percentage of total XP
 D = Non-vault monster count
 E = Vault monster count
 F = Vault count percentage of total count
                 A         B        C        D         E       F
            +---------+---------+-------+---------+---------+-------
      Total |     393 |     144 |  26.8 |      64 |      11 |  14.7
            +---------+---------+-------+---------+---------+-------
        D:1 |      28 |       0 |   0.0 |      15 |       0 |   0.0
        D:2 |     140 |      33 |  19.1 |      20 |       2 |   9.1
        D:3 |      70 |     111 |  61.3 |      20 |       9 |  31.0
        D:4 |     155 |       0 |   0.0 |       9 |       0 |   0.0
            +---------+---------+-------+---------+---------+-------
